AoeStats
← Madrabaz

Arabia

505953887Analyzed
2v2 RM · 21d ago on Sep 11, 2026· 55m 11s· 4 players
Game mode
Random Map
Map size
Medium (4 player)
Population
200
Speed
Normal
Resources
Standard
Victory
Conquest
Starting age
Dark Age
Ending age
Imperial Age
RankedLock teamsTeams togetherTeam positionsShared explorationLock speedFull tech treeHidden civsTurbo modeCheats
Victory
Defeat
🇹🇷 Franks · Türkiye
595
+16
🇹🇷 Celts · Türkiye
543
+17
🇲🇦 Goths · Morocco
603
-17
🇹🇷 Franks · Türkiye
572
-16
mandiranoy
0:30 Loom
13:56 Feudal Age
15:04 Double-Bit Axe
26:30 Castle Age
41:52 Imperial Age
46:22 Pikeman
SmokedMyself
9:55 Loom
12:22 Feudal Age
21:39 Castle Age
20:14 Loom
22:21 Wheelbarrow
21:42 Double-Bit Axe
25:07 Forging
29:04 Husbandry
29:12 Scale Barding Armor
32:30 Wheelbarrow
32:47 Gold Mining
32:53 Pikeman
40:03 Imperial Age
38:47 Hand Cart
39:51 Chain Barding Armor
40:26 Cavalier
41:33 Bow Saw
42:41 Paladin
43:28 Halberdier
44:23 Caravan
50:11 Iron Casting
54:58 Blast Furnace
54:00 Scale Mail Armor
ahmed0da8
0:46 Loom
11:42 Feudal Age
17:14 Horse Collar
25:58 Castle Age
25:44 Fletching
26:00 Scale Barding Armor
25:57 Padded Archer Armor
26:07 Double-Bit Axe
26:21 Stone Mining
28:25 Wheelbarrow
27:36 Town Watch
28:53 Man-at-Arms
28:54 Pikeman
29:36 Squires
50:25 Long Swordsman
Madrabaz
10:13 Feudal Age
17:22 Double-Bit Axe
23:27 Castle Age
33:26 Coinage
38:04 Imperial Age
39:41 Cavalier
43:22 Elite Throwing Axeman
45:59 Paladin
Connection lost

Rejoining the realm…

Still unreachable

The connection could not be restored.

Session expired

The server has moved on; the page needs a fresh start.